| TOP OF THE 1ST |
|
Seattle Mariners batting - Pitching for Detroit Tigers : LHP Luis Muñóz
|
|
Pitching: LHP Luis Muñóz
|
|
|
Batting: RHB Chris Bryan
|
0-0: Ball 1-0: Foul Ball, location: 2F 1-1: Ball 2-1: Foul Ball, location: 2F 2-2: Ball 3-2: Foul Ball, location: 9LDF 3-2: Strikes out swinging
|
|
Batting: RHB Albert Almora
|
0-0: Ground out 6-3 (Groundball, 6MD, EV 105.6 MPH)
|
|
Batting: RHB Alex Jackson
|
0-0: Ball 1-0: Ball 2-0: Ground out 5-3 (Groundball, 5S, EV 77.5 MPH)
|
| Top of the 1st over - 0 runs, 0 hits, 0 errors, 0 left on base; Seattle 0 - Detroit 0 |
| BOTTOM OF THE 1ST |
|
Detroit Tigers batting - Pitching for Seattle Mariners : LHP Eric Wilkerson
|
|
Pitching: LHP Eric Wilkerson
|
|
|
Batting: RHB Johandry Cortez
|
0-0: Ball 1-0: Foul Ball, location: 3F 1-1: Ball 2-1: Fly out, F8 (Flyball, 8LS, EV 90.0 MPH)
|
|
Batting: RHB Orlando Arcia
|
0-0: Swinging Strike 0-1: Fly out, F9 (Flyball, 9, EV 97.5 MPH)
|
|
Batting: LHB Raúl González
|
0-0: Ball 1-0: Foul Ball, location: 3SF 1-1: Ball 2-1: Ground out 4-3 (Groundball, 4, EV 100.0 MPH)
|
| Bottom of the 1st over - 0 runs, 0 hits, 0 errors, 0 left on base; Seattle 0 - Detroit 0 |
| TOP OF THE 2ND |
|
Seattle Mariners batting - Pitching for Detroit Tigers : LHP Luis Muñóz
|
|
Batting: LHB Ryan McMahon
|
0-0: Ball 1-0: Ball 2-0: Ball 3-0: Called Strike 3-1: SINGLE (Line Drive, 8RS, EV 90.0 MPH)
|
|
Batting: RHB Al Lockhart
|
0-0: Called Strike 0-1: Called Strike 0-2: Ball 1-2: Ball 2-2: SINGLE (Groundball, 56D, EV 102.5 MPH) Ryan McMahon to second
|
|
Batting: LHB Corey Seager
|
0-0: Called Strike 0-1: Foul Ball, location: 23F 0-2: Strikes out looking
|
|
Batting: RHB Jed Bly
|
0-0: Foul Ball, location: 9LSF 0-1: Called Strike 0-2: Fly out, F9 (Flyball, 89S, EV 89.4 MPH)
|
|
Batting: LHB Norm Harris
|
0-0: Ball 1-0: SINGLE (Line Drive, 8LS, EV 104.4 MPH) Ryan McMahon to third Al Lockhart to second Runner from 3rd tries for Home, SAFE, throw by CF to home
|
|
Batting: LHB Brad Miller
|
0-0: Ball 1-0: Ball 2-0: Foul Ball, location: 3F 2-1: Swinging Strike 2-2: Strikes out swinging
|
| Top of the 2nd over - 1 run, 3 hits, 0 errors, 2 left on base; Seattle 1 - Detroit 0 |
| BOTTOM OF THE 2ND |
|
Detroit Tigers batting - Pitching for Seattle Mariners : LHP Eric Wilkerson
|
|
Batting: RHB José Navarro
|
0-0: SINGLE (Line Drive, 6D, EV 98.8 MPH)
|
|
Batting: RHB Al O'Mullan
|
0-0: Called Strike 0-1: Foul Ball, location: 2F 0-2: Strikes out swinging
|
|
Batting: RHB Jose V. Almonte
|
0-0: Called Strike 0-1: Ball 1-1: Ball 2-1: Ball 3-1: Swinging Strike 3-2: Base on Balls José Navarro to second
|
|
Batting: RHB Devon Fisher
|
0-0: Foul Ball, location: 3DF 0-1: Ball 1-1: Ball 2-1: Ball 3-1: SINGLE (Line Drive, 78S, EV 110.0 MPH) José Navarro to third Jose V. Almonte to second Runner from 3rd tries for Home, throw by CF and OUT! 8-2
|
|
Batting: RHB Dan Jackson
|
0-0: SINGLE (Line Drive, 9S, EV 95.6 MPH) Jose V. Almonte to third Devon Fisher to second Runner from 3rd tries for Home, SAFE, throw by RF to home
|
|
Batting: RHB Johan Sala
|
0-0: Ball 1-0: Hit by Pitch Devon Fisher to third Dan Jackson to second
|
|
Batting: RHB Johandry Cortez
|
0-0: Ball 1-0: Foul Ball, location: 2F 1-1: Foul Ball, location: 23FF 1-2: Foul Ball, location: 5DF 1-2: Ball 2-2: Fielders Choice at 2nd, 5-4 (Groundball, 56, EV 100.0 MPH)
|
| Bottom of the 2nd over - 1 run, 3 hits, 0 errors, 3 left on base; Seattle 1 - Detroit 1 |
| TOP OF THE 3RD |
|
Seattle Mariners batting - Pitching for Detroit Tigers : LHP Luis Muñóz
|
|
Batting: RHB Chris Bryan
|
0-0: Ball 1-0: Foul Ball, location: 2F 1-1: Fly out, F8 (Line Drive, 8RS, EV 96.9 MPH)
|
|
Batting: RHB Albert Almora
|
0-0: Ball 1-0: Reached on error, E3 (Groundball, 34S, EV 84.4 MPH)
|
|
Batting: RHB Alex Jackson
|
0-0: Called Strike Albert Almora is caught stealing 2nd base 2-4 0-1: Called Strike 0-2: Ball 1-2: DOUBLE (Line Drive, 5D, EV 100.6 MPH)
|
|
Batting: LHB Ryan McMahon
|
0-0: Called Strike 0-1: Called Strike 0-2: Ball 1-2: Strikes out swinging
|
| Top of the 3rd over - 0 runs, 1 hit, 1 error, 1 left on base; Seattle 1 - Detroit 1 |
| BOTTOM OF THE 3RD |
|
Detroit Tigers batting - Pitching for Seattle Mariners : LHP Eric Wilkerson
|
|
Batting: RHB Orlando Arcia
|
0-0: Ball 1-0: SINGLE (Line Drive, 9S, EV 106.9 MPH)
|
|
Batting: LHB Raúl González
|
0-0: Called Strike 0-1: Ball 1-1: Ball 2-1: Fly out, F3 (Popup, 3S, EV 65.0 MPH)
|
|
Batting: RHB José Navarro
|
0-0: Ball 1-0: Ground out U3 (Groundball, 3S, EV 66.3 MPH) Orlando Arcia to second
|
|
Batting: RHB Al O'Mullan
|
0-0: Called Strike 0-1: Called Strike 0-2: Ball 1-2: Ball 2-2: Ball 3-2: Foul Ball, location: 2F 3-2: Ground out 4-3 (Groundball, 4MD, EV 94.4 MPH)
|
| Bottom of the 3rd over - 0 runs, 1 hit, 0 errors, 1 left on base; Seattle 1 - Detroit 1 |
| TOP OF THE 4TH |
|
Seattle Mariners batting - Pitching for Detroit Tigers : LHP Luis Muñóz
|
|
Batting: RHB Al Lockhart
|
0-0: Ball 1-0: Swinging Strike 1-1: Called Strike 1-2: Strikes out looking
|
|
Batting: LHB Corey Seager
|
0-0: Ball 1-0: Ball 2-0: Called Strike 2-1: Foul Ball, location: 2F 2-2: Fly out, F7 (Line Drive, 78S, EV 89.4 MPH)
|
|
Batting: RHB Jed Bly
|
0-0: Swinging Strike 0-1: Ball 1-1: Called Strike 1-2: Ground out 6-3 (Groundball, 6MS, EV 61.3 MPH)
|
| Top of the 4th over - 0 runs, 0 hits, 0 errors, 0 left on base; Seattle 1 - Detroit 1 |
| BOTTOM OF THE 4TH |
|
Detroit Tigers batting - Pitching for Seattle Mariners : LHP Eric Wilkerson
|
|
Batting: RHB Jose V. Almonte
|
0-0: Ball 1-0: Ball 2-0: Ball 3-0: Called Strike 3-1: Foul Ball, location: 2F 3-2: SINGLE (Groundball, 6S, EV 63.1 MPH) (infield hit)
|
|
Batting: RHB Devon Fisher
|
0-0: Called Strike 0-1: Ball 1-1: Grounds into double play, 5-4-3 (Groundball, 56, EV 88.8 MPH)
|
|
Batting: RHB Dan Jackson
|
0-0: Foul Ball, location: 3DF 0-1: Fly out, F8 (Flyball, 8RD, EV 106.3 MPH)
|
| Bottom of the 4th over - 0 runs, 1 hit, 0 errors, 0 left on base; Seattle 1 - Detroit 1 |
| TOP OF THE 5TH |
|
Seattle Mariners batting - Pitching for Detroit Tigers : LHP Luis Muñóz
|
|
Batting: LHB Norm Harris
|
0-0: Ground out 6-3 (Groundball, 6, EV 82.5 MPH)
|
|
Batting: LHB Brad Miller
|
0-0: Called Strike 0-1: Ball 1-1: Ball 2-1: Ball 3-1: SINGLE (Line Drive, 9LS, EV 93.8 MPH)
|
|
Batting: RHB Chris Bryan
|
0-0: Fly out, F8 (Line Drive, 8LS, EV 88.1 MPH)
|
|
Batting: RHB Albert Almora
|
0-0: Swinging Strike 0-1: Swinging Strike 0-2: Foul Ball, location: 2F 0-2: Fly out, F5 (Line Drive, 5L, EV 70.6 MPH)
|
| Top of the 5th over - 0 runs, 1 hit, 0 errors, 1 left on base; Seattle 1 - Detroit 1 |
| BOTTOM OF THE 5TH |
|
Detroit Tigers batting - Pitching for Seattle Mariners : LHP Eric Wilkerson
|
|
Batting: RHB Johan Sala
|
0-0: Called Strike 0-1: Fly out, F8 (Flyball, 8LD, EV 86.3 MPH)
|
|
Batting: RHB Johandry Cortez
|
0-0: Ball 1-0: Ball 2-0: Ball 3-0: Called Strike 3-1: Foul Ball, location: 2F 3-2: Hit by Pitch
|
|
Batting: RHB Orlando Arcia
|
0-0: Fly out, F9 (Flyball, 9D, EV 88.8 MPH)
|
|
Batting: LHB Raúl González
|
0-0: Ball 1-0: Called Strike 1-1: Foul Ball, location: 2F 1-2: Ball Wild Pitch! Johandry Cortez to second 2-2: Ball 3-2: Fly out, F2 (Popup, 25F, EV 83.8 MPH)
|
| Bottom of the 5th over - 0 runs, 0 hits, 0 errors, 1 left on base; Seattle 1 - Detroit 1 |
| TOP OF THE 6TH |
|
Seattle Mariners batting - Pitching for Detroit Tigers : LHP Luis Muñóz
|
|
Batting: RHB Alex Jackson
|
0-0: Called Strike 0-1: Fly out, F4 (Popup, 34, EV 57.5 MPH)
|
|
Batting: LHB Ryan McMahon
|
0-0: Ball 1-0: Ball 2-0: Swinging Strike 2-1: Foul Ball, location: 5F 2-2: Ball 3-2: Ground out U3 (Groundball, 3S, EV 77.5 MPH)
|
|
Batting: RHB Al Lockhart
|
0-0: Ball 1-0: Ball 2-0: Ball 3-0: Base on Balls
|
|
Batting: LHB Corey Seager
|
0-0: Ball 1-0: SINGLE (Groundball, 56D, EV 98.8 MPH) Al Lockhart to second
|
|
Batting: RHB Jed Bly
|
0-0: SINGLE (Groundball, 6MD, EV 98.1 MPH) Al Lockhart to third Corey Seager to second Runner from 3rd tries for Home, SAFE, throw by CF to home
|
|
Batting: LHB Norm Harris
|
0-0: Ball 1-0: Ball 2-0: Called Strike 2-1: Foul Ball, location: 9LMF 2-2: Foul Ball, location: 2F 2-2: Strikes out swinging
|
| Top of the 6th over - 1 run, 2 hits, 0 errors, 2 left on base; Seattle 2 - Detroit 1 |
| BOTTOM OF THE 6TH |
|
Detroit Tigers batting - Pitching for Seattle Mariners : LHP Eric Wilkerson
|
|
Batting: RHB José Navarro
|
0-0: Ball 1-0: TRIPLE (Flyball, 89XD, EV 101.9 MPH)
|
|
Batting: RHB Al O'Mullan
|
0-0: Ball 1-0: Called Strike 1-1: Ball 2-1: Fly out, F6 (Popup, 6M, EV 55.0 MPH)
|
|
Batting: RHB Jose V. Almonte
|
0-0: Called Strike 0-1: Ball 1-1: Foul Ball, location: 9LDF 1-2: Fly out, F8 (Flyball, 8LD, EV 98.8 MPH) Runner from 3rd tags up, SCORES, no throw by CF
|
|
Pitching: RHP Derrek Barker
|
|
|
Batting: RHB Devon Fisher
|
0-0: Ball 1-0: Ball 2-0: Ground out U3 (Groundball, 34, EV 94.4 MPH)
|
| Bottom of the 6th over - 1 run, 1 hit, 0 errors, 0 left on base; Seattle 2 - Detroit 2 |
| TOP OF THE 7TH |
|
Seattle Mariners batting - Pitching for Detroit Tigers : LHP Luis Muñóz
|
|
Batting: LHB Brad Miller
|
0-0: Swinging Strike 0-1: Ball 1-1: Ball 2-1: Ball 3-1: Ground out 1-3 (Groundball, 15S, EV 70.6 MPH)
|
|
Batting: RHB Chris Bryan
|
0-0: Called Strike 0-1: Ball 1-1: Called Strike 1-2: SINGLE (Line Drive, 8RS, EV 106.3 MPH)
|
|
Pitching: LHP Jose Quijada
|
|
|
Batting: RHB Albert Almora
|
0-0: SINGLE (Line Drive, 89S, EV 98.8 MPH) Chris Bryan to second Runner from 2nd tries for 3rd, SAFE, throw by RF made to third
|
|
Batting: RHB Alex Jackson
|
0-0: Swinging Strike 0-1: Ball 1-1: Ball 2-1: Swinging Strike 2-2: Foul Ball, location: 9LMF 2-2: Ball 3-2: Strikes out swinging
|
|
Batting: LHB Ryan McMahon
|
0-0: Called Strike 0-1: Ball 1-1: Swinging Strike 1-2: Foul Ball, location: 7LDF 1-2: Strikes out looking
|
| Top of the 7th over - 0 runs, 2 hits, 0 errors, 2 left on base; Seattle 2 - Detroit 2 |
| BOTTOM OF THE 7TH |
|
Detroit Tigers batting - Pitching for Seattle Mariners : RHP Derrek Barker
|
|
Pinch Hitting: LHB Dan Bradley
|
0-0: Ball 1-0: Foul Ball, location: 2F 1-1: Ball 2-1: Foul Ball, location: 3F 2-2: Ball 3-2: Foul Ball, location: 9LMF 3-2: Base on Balls
|
|
Batting: RHB Johan Sala
|
0-0: Bunted foul 0-1: Sac Bunt to 13 - play at first, batter OUT! 1-4 Dan Bradley to second
|
|
Batting: LHB Tad Johnson
|
0-0: Intentional Walk
|
|
Batting: RHB Orlando Arcia
|
0-0: Ball 1-0: Ball 2-0: Ball 3-0: Called Strike 3-1: Base on Balls Dan Bradley to third Tad Johnson to second
|
|
Pitching: LHP Chasen Shreve
|
|
|
Pinch Hitting: RHB Jimmy O'Molloy
|
0-0: Called Strike 0-1: DOUBLE (Groundball, 5D, EV 97.5 MPH) Dan Bradley scores Tad Johnson scores Orlando Arcia to third
|
|
Batting: RHB José Navarro
|
0-0: Intentional Walk
|
|
Batting: RHB Al O'Mullan
|
0-0: Ball 1-0: Ball 2-0: Foul Ball, location: 23F 2-1: Foul Ball, location: 23F 2-2: Foul Ball, location: 9LSF 2-2: Foul Ball, location: 5SF 2-2: Foul Ball, location: 23F 2-2: Ball 3-2: Fly out, F4 (Popup, 4, EV 71.9 MPH)
|
|
Pitching: RHP Vladimir Gutierrez
|
|
|
Batting: RHB Jose V. Almonte
|
0-0: Ball 1-0: Ball 2-0: Ground out 5-3 (Groundball, 56S, EV 86.9 MPH)
|
| Bottom of the 7th over - 2 runs, 1 hit, 0 errors, 3 left on base; Seattle 2 - Detroit 4 |
| TOP OF THE 8TH |
|
Seattle Mariners batting - Pitching for Detroit Tigers : LHP Jose Quijada
|
|
Pitching: RHP Jonathon Carroll
|
|
|
Now at 1B: Dan Bradley
|
|
|
Now at 2B: Jimmy O'Molloy
|
|
|
Now in LF: Breyvic Valera
|
|
|
Batting: LHB Mike Hahn
|
0-0: Called Strike 0-1: Called Strike 0-2: Foul Ball, location: 5SF 0-2: Ball 1-2: Ball 2-2: Fly out, F8 (Flyball, 8LXD, EV 95.6 MPH)
|
|
Batting: LHB Corey Seager
|
0-0: Called Strike 0-1: Fly out, F4 (Popup, 34, EV 56.9 MPH)
|
|
Batting: RHB Jed Bly
|
0-0: Ball 1-0: Ball 2-0: Foul Ball, location: 3F 2-1: Ball 3-1: Foul Ball, location: 9LDF 3-2: Base on Balls
|
|
Batting: LHB Norm Harris
|
0-0: Called Strike 0-1: Ball 1-1: Swinging Strike 1-2: Ball 2-2: Strikes out swinging
|
| Top of the 8th over - 0 runs, 0 hits, 0 errors, 1 left on base; Seattle 2 - Detroit 4 |
| BOTTOM OF THE 8TH |
|
Detroit Tigers batting - Pitching for Seattle Mariners : RHP Vladimir Gutierrez
|
|
Batting: RHB Devon Fisher
|
0-0: Called Strike 0-1: Called Strike 0-2: Ball 1-2: Ball 2-2: Fly out, F9 (Line Drive, 9S, EV 106.3 MPH)
|
|
Batting: LHB Dan Bradley
|
0-0: Fly out, F3 (Popup, 23F, EV 81.9 MPH)
|
|
Batting: RHB Johan Sala
|
0-0: Fly out, F7 (Line Drive, 7, EV 92.5 MPH)
|
| Bottom of the 8th over - 0 runs, 0 hits, 0 errors, 0 left on base; Seattle 2 - Detroit 4 |
| TOP OF THE 9TH |
|
Seattle Mariners batting - Pitching for Detroit Tigers : RHP Jonathon Carroll
|
|
Pitching: LHP Clarence Rice
|
|
|
Batting: LHB Brad Miller
|
0-0: Ground out 6-3 (Groundball, 6, EV 97.5 MPH)
|
|
Batting: RHB Chris Bryan
|
0-0: Called Strike 0-1: Ball 1-1: Foul Ball, location: 3FF 1-2: Ground out 5-3 (Groundball, 15, EV 82.5 MPH)
|
|
Batting: RHB Albert Almora
|
0-0: Fly out, F9 (Line Drive, 9, EV 93.1 MPH)
|
| Top of the 9th over - 0 runs, 0 hits, 0 errors, 0 left on base; Seattle 2 - Detroit 4 |
|